 Dungeon Crawl Stone Soup version 0.24.0-123-gd5b16e6ec5 (webtiles) character file.

Game seed: 10715883426924126845, levelgen mode: deterministic

425770 ReteAZ the Executioner (level 22, -3/225 (226) HPs)
             Began as a Minotaur Berserker on Dec 18, 2019.
             Was an Elder of Trog.
             Slain by a death ooze (12 damage)
             ... created by the Royal Jelly
             ... on level 4 of the Pits of Slime on Dec 19, 2019.
             The game lasted 02:13:33 (42710 turns).

ReteAZ the Executioner (Minotaur Berserker)        Turns: 42710, Time: 02:13:35

HP:   -3/225 (226)  AC: 20    Str: 27    XL:     22   Next: 74%
MP:   16/16         EV: 10    Int:  5    God:    Trog [****..]
Gold: 4184          SH:  0    Dex: 12    Spells: 21/21 levels left

rFire    + + +     SeeInvis .   T - +3 executioner's axe (vamp)
rCold    + + .     Gourm    .   (shield currently unavailable)
rNeg     + . .     Faith    .   a - +7 plate armour {rF+}
rPois    +         Spirit   .   z - -2 hat of the Alchemist {rElec rPois rF+ rC+ rN+ MR+ rMut rCorr}
rElec    +         Reflect  .   J - scarf {rC+ rF+}
rCorr    +         Harm     .   G - +0 pair of gloves
rMut     +         Rnd*Tele +   h - +1 pair of boots
MR       ++...                  N - amulet of magic regeneration
Stlth    ..........             O - +4 ring of protection
HPRegen  0.47/turn              F - +6 ring of protection
MPRegen  0.40/turn

@: corroded
A: retaliatory headbutt, horns 2, deformed body, low mp 2, teleportitis 1, weak
1, subdued magic 1
}: 2/15 runes: serpentine, barnacled
a: Berserk, Trog's Hand, Brothers in Arms, Renounce Religion


You were on level 4 of the Pits of Slime.
You worshipped Trog.
Trog was greatly pleased with you.
You were not hungry.

You visited 7 branches of the dungeon, and saw 41 of its levels.
You also visited: Ice Cave, Volcano and Wizlab.

You collected 5388 gold pieces.
You spent 1204 gold pieces at shops.

Inventory:

Hand Weapons
 l - a +2 antimagic executioner's axe
 p - the +9 war axe of Ascent {holy, rF+ rC+ Int+4 Dex+2}
   (Trog gifted it to you on level 2 of the Snake Pit)

   It has been blessed by the Shining One to cause great damage to the undead
   and demons.
   It affects your intelligence (+4).
   It affects your dexterity (+2).
   It protects you from fire.
   It protects you from cold.
 B - a +0 vampiric battleaxe
 T - a +3 vampiric executioner's axe (weapon)
 Y - a +8 broad axe of freezing
Missiles
 d - 14 silver boomerangs (quivered)
Armour
 a - a +7 plate armour of fire resistance (worn)
 f - a +1 buckler of fire resistance
 h - a +1 pair of boots (worn)
 z - the -2 hat of the Alchemist (worn) {rElec rPois rF+ rC+ rN+ MR+ rMut rCorr}
   (You bought it in a shop on level 9 of the Dungeon)

   It protects you from fire.
   It protects you from cold.
   It insulates you from electricity.
   It protects you from poison.
   It protects you from negative energy.
   It affects your resistance to hostile enchantments.
   It provides partial protection from all sources of acid and corrosion.
   It protects you from mutation.
 G - a +0 pair of gloves (worn)
 J - a scarf of resistance (worn)
 L - +0 fire dragon scales
Jewellery
 e - an uncursed ring of see invisible
 F - a +6 ring of protection (right hand)
 N - an amulet of magic regeneration (around neck)
 O - a +4 ring of protection (left hand)
 R - an uncursed ring of flight
Wands
 u - a wand of disintegration (58)
 v - a wand of scattershot (10)
 w - a wand of random effects (18)
 x - a wand of paralysis (7)
 y - a wand of digging (21)
 D - a wand of acid (16)
 Z - a wand of iceblast (21)
Scrolls
 i - 2 scrolls of enchant armour
 j - 19 scrolls of teleportation
 k - 11 scrolls of identify
 n - 4 scrolls of fog
 C - 3 scrolls of fear
 K - a scroll of summoning
 M - 10 scrolls of remove curse
 P - 3 scrolls of enchant weapon
 X - 3 scrolls of magic mapping
Potions
 b - 9 potions of flight
 g - 9 potions of lignification
 m - 7 potions of berserk rage
 o - 5 potions of heal wounds
 q - 7 potions of haste
 r - 3 potions of invisibility
 s - 3 potions of agility
 t - 9 potions of curing
 A - 5 potions of brilliance
 E - a potion of resistance
 I - a potion of might
 U - 3 potions of cancellation
Comestibles
 c - 65 rations


   Skills:
 + Level 25.2 Fighting
 - Level 26.0 Axes
 + Level 25.1 Armour
 - Level 2.1 Dodging


You had 21 spell levels left.
You didn't know any spells.
Your spell library was empty.

Dungeon Overview and Level Annotations

Branches:
Dungeon (15/15)            Temple (0/1) D:7            Lair (6/6) D:11
 Shoals (4/4) Lair:3        Snake (4/4) Lair:2        Slime (5/5) Lair:5
    Orc (2/2) D:9             Elf (0/3) Orc:2        Vaults (0/5) D:13
 Depths (5/5) D:15            Zot (0/5) Depths:5      IceCv (visited)
Volcano (visited)          WizLab (visited)

Altars:
Cheibriados
Dithmenos
Fedhas
Gozag
Hepliaklqana
Kikubaaqudgha
Makhleb
Nemelex Xobeh
Okawaru
Qazlal
Ru
Sif Muna
Uskayaw
Vehumet
Wu Jian
Yredelemnul
Zin
Beogh
Jiyva

Shops:
D:8 [   D:9 [   D:11 [   D:12 !   Orc:2 =}=%   Shoals:1 *   Shoals:3 %?(
Snake:1 %   Depths:4 *}=}

Portals:
Hell: Depths:1 Depths:2 Depths:3 Depths:4 Depths:5
Abyss: Depths:1 Depths:3 Depths:4 Depths:5
Pandemonium: Depths:3
Ziggurat: Depths:2
Trove: D:15 (give +4 fire dragon scales)

Annotations:
Lair:4 exclusion: 3 oklob plants
Depths:1 3 runed translucent doors, Emok's ghost, veteran BaIE; Rivaler's ghost, journeyman GrMo; fritzmikael's ghost, adept SpTm
Depths:4 1 runed translucent door, Luheiser's ghost, veteran TrMo


Innate Abilities, Weirdness & Mutations

You reflexively headbutt those who attack you in melee.
You have a pair of horns on your head.
Armour fits poorly on your strangely shaped body.
Your magical capacity is very low. (-20% MP)
You are occasionally teleported next to monsters.
You are weak. (Str -2)
Your spells are a little easier to cast, but a little less powerful.


Message History

The azure jelly hits you but does no damage.
The death ooze hits you!
* * * LOW HITPOINT WARNING * * *
You feel your flesh rotting away!
The death ooze hits you but does no damage.
The azure jelly barely misses you. The azure jelly hits you.
* * * LOW HITPOINT WARNING * * *
The azure jelly freezes you! You resist.
* * * LOW HITPOINT WARNING * * *
The azure jelly hits you.
* * * LOW HITPOINT WARNING * * *
The azure jelly hits you but does no damage.
As you read the scroll of fear, it crumbles to dust.
You assume a fearsome visage.
The azure jelly looks frightened!
The great orb of eyes looks frightened!
The azure jelly resists with almost no effort.
The death ooze is unaffected.
The acid blob resists with almost no effort.
The death ooze hits you!
You die...

........ ##............
..<.....# ##..... .......
.........##.#...##.###.#.
......#.#........# ##...#
.......##....#....###....#
......J......#......##....
#....................###..
..<.#.....J.............#.
.........@...<............
.........JG.....#.........
.......J.....#.#......#...
..............###..^#.#.#.
.............## ##....#...
.........##.## #........
.......###...# .........
.....#. .#.#.. ......#..#
>...#.. ###. ......


You could see an acid blob, 2 azure jellies, a great orb of eyes (fleeing) and a
death ooze.

Vanquished Creatures
  the Royal Jelly (Slime:5)
  A juggernaut (Depths:4)
  2 caustic shrikes
  the Enchantress (Depths:5)
  3 tentacled monstrosities (Depths:3)
  A lich (Depths:4)
  2 titans (Depths:3)
  19 acid blobs
  Gastronok (D:8)
  3 sphinxes
  4 shadow dragons
  A draconian monk (Depths:5)
  A tengu reaver (Depths:3)
  7 frost giants
  5 storm dragons
  14 azure jellies
  8 nagarajas
  4 fire giants
  2 deep elf sorcerers
  A draconian scorcher (Depths:5)
  2 iron dragons
  A balrug (Depths:4)
  Aizul (Snake:1)
  Louise (D:15)
  3 spriggan defenders (Depths:5)
  27 very ugly things
  13 stone giants
  6 vampire knights
  2 green draconians (Depths:5)
  2 deep elf demonologists
  Nessos (D:13)
  2 black draconians (Depths:5)
  The ghost of 4FPSwarrior the Martial Artist, a journeyman OpTm of Makhleb (Orc:1)
  12 spark wasps
  Azrael (D:13)
  A white draconian (Depths:5)
  2 death oozes (Slime:5)
  7 ettins
  A merfolk javelineer (Shoals:4)
  10 merfolk impalers
  12 great orbs of eyes
  2 vault guards (D:13)
  7 rakshasas
  9 yaktaur captains
  8 fire dragons
  11 naga warriors
  3 hydras
  7 ice dragons
  3 merfolk avatars
  2 merfolk aquamancers (Shoals:4)
  5 spriggan air magi
  3 ogre magi
  A catoblepas (Shoals:4)
  8 anacondas
  4 centaur warriors
  3 satyrs
  9 two-headed ogres
  8 death yaks
  A queen ant (shapeshifter) (Depths:1)
  3 deep troll shamans
  2 hell hogs (Volcano)
  2 vampire magi
  4 deep troll earth magi
  12 naga sharpshooters
  6 spriggan berserkers
  7 hell knights
  6 orc high priests
  9 tengu warriors
  9 shock serpents
  2 sun demons (Depths:4)
  The ghost of rumpelstilzz the Ducker, a novice TrWr (D:6)
  A deep elf knight (D:15)
  2 salamander mystics
  9 deep trolls
  2 flayed ghosts
  5 glowing orange brains
  A kraken simulacrum (Shoals:4)
  8 sea snakes
  2 lindwurms (Lair:6)
  5 unseen horrors
  10 naga ritualists
  A deep elf archer (D:15)
  3 wizards
  17 harpies
  10 orc knights
  35 ugly things
  6 salamanders
  11 mana vipers
  2 shining eyes (Slime:4)
  10 orc sorcerers
  4 deep elf magi (D:15)
  14 fauns
  3 necromancers
  9 manticores
  7 cyclopes
  59 slime creatures
  2 elephants (Lair:6)
  Maurice (D:11)
  8 merfolk sirens
  A torpor snail (Lair:6)
  36 black mambas
  A guardian serpent (Snake:4)
  2 black mambas (shapeshifter)
  6 water nymphs
  31 naga magi
  An ice statue (IceCv)
  An eye of devastation (Slime:5)
  3 gargoyles
  A kobold demonologist (D:12)
  13 spiny frogs
  7 centaur skeletons
  4 rime drakes
  An efreet (D:15)
  11 komodo dragons
  A redback zombie (D:14)
  13 yaktaurs
  2 freezing wraiths (D:14)
  3 trolls
  3 tengu conjurers
  A polar bear (shapeshifter) (Depths:3)
  18 merfolk
  20 polar bears
  A meliai (shapeshifter) (Depths:2)
  A wolf spider simulacrum (D:15)
  3 hornets
  3 wind drakes
  A jumping spider (shapeshifter) (Depths:2)
  13 snapping turtles
  3 raiju (Lair:6)
  A dream sheep (shapeshifter) (Depths:4)
  10 dream sheep
  14 hippogriffs
  22 blink frogs
  A snapping turtle (shapeshifter) (Depths:3)
  Sigmund (D:2)
  A vampire (D:15)
  8 water elementals
  2 shadows
  3 wraiths
  3 spriggans (Depths:5)
  A centaur simulacrum (D:15)
  2 humans
  4 wyverns
  51 yaks
  A basilisk (shapeshifter) (Depths:2)
  4 hogs (D:7)
  4 basilisks
  2 steam dragons
  3 hungry ghosts
  A golden eye (shapeshifter) (Depths:5)
  2 vampire mosquitoes (D:12)
  Menkaure (D:6)
  9 wargs
  41 nagas
  A soldier ant (D:10)
  An acid dragon (D:14)
  13 water moccasins
  19 hell hounds
  12 porcupines
  3 floating eyes
  34 orc warriors
  A meliai simulacrum (D:15)
  6 sky beasts
  2 ice beasts
  11 black bears (Lair:6)
  6 eyes of draining
  A phantom (D:14)
  6 boggarts
  2 necrophages
  40 wolves
  15 ogres
  An ogre (shapeshifter) (Depths:2)
  11 centaurs
  8 crocodiles
  23 bullfrogs
  4 big kobolds
  A gnoll sergeant (D:8)
  A water moccasin zombie (D:8)
  5 scorpions
  5 killer bees (D:7)
  11 wights
  5 electric eels
  3 howler monkeys
  7 crimson imps
  2 quasits
  2 bullfrog zombies
  A jelly (D:6)
  7 hounds
  23 orc priests
  3 bullfrog skeletons
  Jessica (D:2)
  3 iguanas
  30 orc wizards
  13 worker ants
  A killer bee zombie (D:6)
  A hound skeleton (D:7)
  Robin (D:2)
  A howler monkey skeleton (D:5)
  A howler monkey zombie (D:7)
  3 worker ant zombies
  17 adders
  21 gnolls
  6 shadow imps
  12 white imps (Lair:6)
  2 adder zombies (D:6)
  3 adder skeletons
  3 worms
  3 dart slugs
  A leopard gecko (D:3)
  127 orcs
  2 ball pythons
  4 giant cockroaches
  17 goblins
  10 hobgoblins
  5 jackals
  27 kobolds
  5 quokkas
  10 bats
  7 frilled lizards
  A leopard gecko skeleton (D:5)
  A quokka zombie (D:8)
  9 rats
  2 fungi
  13 plants
  A tentacle (Shoals:4)
1650 creatures vanquished.

Vanquished Creatures (collateral kills)
  Saint Roka (Orc:2)
  A golden dragon (Depths:4)
  Jorgrun (D:13)
  An acid blob (Slime:5)
  Polyphemus (Shoals:4)
  A frost giant (Depths:1)
  A dire elephant (Lair:6)
  A red draconian (Depths:5)
  3 merfolk impalers (Shoals:4)
  2 death oozes (Slime:5)
  A merfolk javelineer (Shoals:4)
  A fire dragon (Depths:1)
  A vault guard (D:13)
  An ice dragon (Depths:5)
  A hydra (Lair:5)
  An ogre mage (D:13)
  3 merfolk aquamancers (Shoals:4)
  A two-headed ogre (D:6)
  A deep troll shaman (Depths:5)
  A death yak (Shoals:4)
  A spriggan berserker (Depths:4)
  Sonja (Orc:2)
  An iron troll (Depths:5)
  A sea snake (Shoals:4)
  A deep troll (Depths:5)
  2 orc knights
  An orc sorcerer (D:13)
  A cyclops (Orc:1)
  A water nymph (Shoals:4)
  A naga mage (Snake:1)
  A spiny frog (Lair:6)
  A rime drake (Lair:6)
  A merfolk (Shoals:4)
  A hippogriff (Lair:5)
  A water elemental (Depths:1)
  6 nagas
  6 orc warriors (Orc:2)
  A boggart (Depths:1)
  A bullfrog (D:13)
  4 orcs (Orc:2)
  2 plants (Shoals:4)
61 creatures vanquished.

Vanquished Creatures (others)
  A naga warrior (Snake:4)
  A yak (IceCv)
  A hog (shapeshifter) (Depths:3)
  2 boggarts (Depths:2)
  2 centaurs (Volcano)
  A wolf (IceCv)
  4 orcs
  8 fungi
  14 plants
  7 tentacles (Shoals:4)
  2 withered plants (Depths:1)
43 creatures vanquished.

Grand Total: 1754 creatures vanquished

Notes
Turn   | Place    | Note
-------+----------+-------------------------------------------
     0 | D:1      | ReteAZ the Minotaur Berserker began the quest for the Orb.
     0 | D:1      | Reached XP level 1. HP: 19/19 MP: 0/0
   216 | D:1      | Reached skill level 4 in Axes
   264 | D:1      | Reached XP level 2. HP: 25/26 MP: 1/1
   743 | D:2      | Noticed Sigmund
   869 | D:2      | Noticed Robin
   882 | D:2      | Reached skill level 5 in Axes
   895 | D:2      | Killed Robin
   895 | D:2      | Reached XP level 3. HP: 29/31 MP: 2/2
   978 | D:2      | Reached ** piety under Trog
  1000 | D:2      | Found a basalt altar of Yredelemnul.
  1088 | D:2      | Found a snail-covered altar of Cheibriados.
  1123 | D:2      | Noticed Jessica
  1132 | D:2      | Killed Jessica
  1132 | D:2      | Reached skill level 6 in Axes
  1132 | D:2      | Reached XP level 4. HP: 36/39 MP: 3/3
  1764 | D:2      | Killed Sigmund
  1764 | D:2      | Reached skill level 8 in Axes
  1764 | D:2      | Reached XP level 5. HP: 21/45 MP: 4/4
  2141 | D:3      | Reached XP level 6. HP: 51/51 MP: 5/5
  2157 | D:3      | Found a burning altar of Makhleb.
  2512 | D:3      | Reached *** piety under Trog
  2962 | D:4      | Found a glowing silver altar of Zin.
  2977 | D:4      | Reached skill level 9 in Axes
  3076 | D:4      | Found a sacrificial altar of Ru.
  3210 | D:4      | Found a hide-covered altar of Uskayaw.
  3248 | D:4      | Reached XP level 7. HP: 57/57 MP: 6/6
  3270 | D:4      | Found a radiant altar of Vehumet.
  3645 | D:5      | Entered Level 5 of the Dungeon
  3725 | D:5      | Found a burning altar of Makhleb.
  3750 | D:5      | Reached skill level 10 in Axes
  3775 | D:5      | Found an ornate altar of the Wu Jian Council.
  4069 | D:5      | Reached **** piety under Trog
  4697 | D:6      | Reached XP level 8. HP: 44/67 MP: 7/7
  4857 | D:6      | Reached skill level 5 in Fighting
  4889 | D:6      | Noticed Menkaure
  4907 | D:6      | Killed Menkaure
  4907 | D:6      | Reached skill level 11 in Axes
  5080 | D:6      | Reached skill level 5 in Armour
  5468 | D:6      | Found a transporter.
  5469 | D:6      | Noticed rumpelstilzz's ghost (novice TrWr)
  5471 | D:6      | Identified the +9 great mace "Dehablea" {crush, *Slow +Fly
                  | MR+++ Stlth-}
  5471 | D:6      | Noticed a two-headed ogre
  5481 | D:6      | Found a transporter.
  5723 | D:6      | Reached skill level 12 in Axes
  5987 | D:7      | Noticed a hippogriff
  5993 | D:7      | Killed a hippogriff
  5993 | D:7      | Reached XP level 9. HP: 71/78 MP: 8/8
  6028 | D:7      | Found a staircase to the Ecumenical Temple.
  6818 | D:7      | Reached skill level 13 in Axes
  7163 | D:8      | Noticed Gastronok
  7179 | D:8      | Killed Gastronok
  7179 | D:8      | Reached skill level 14 in Axes
  7179 | D:8      | Reached XP level 10. HP: 90/90 MP: 9/9
  7314 | D:8      | Reached ***** piety under Trog
  7407 | D:8      | Found an iron altar of Okawaru.
  7421 | D:8      | Found Funuall's Antique Armour Shop.
  7429 | D:8      | Bought an embroidered scarf for 256 gold pieces
  7686 | D:8      | Received a gift from Trog
  7903 | D:9      | Found Xajil's Armour Boutique.
  8477 | D:9      | Found a staircase to the Orcish Mines.
  8523 | D:9      | Noticed a two-headed ogre
  8524 | D:9      | Reached skill level 10 in Fighting
  8534 | D:9      | Killed a two-headed ogre
  8608 | D:9      | Reached skill level 10 in Armour
  8608 | D:9      | Reached XP level 11. HP: 84/101 MP: 10/10
  8657 | D:9      | Found a hazy altar of Hepliaklqana.
  8995 | D:9      | Found an opulent altar of Gozag.
  8999 | D:9      | Found a sparkling altar of Nemelex Xobeh.
  9066 | D:10     | Entered Level 10 of the Dungeon
  9381 | D:10     | Reached skill level 15 in Axes
  9934 | D:11     | Identified a scroll of acquirement
  9958 | D:11     | Noticed an unseen horror
  9967 | D:11     | Killed an unseen horror
 10377 | D:11     | Noticed Maurice
 10381 | D:11     | Killed Maurice
 10911 | D:11     | Received a gift from Trog
 10911 | D:11     | Reached skill level 16 in Axes
 10933 | D:11     | Found a staircase to the Lair.
 11040 | D:11     | Found Jates's Antique Armour Shoppe.
 11131 | D:12     | Noticed a two-headed ogre
 11144 | D:12     | Killed a two-headed ogre
 11200 | D:12     | Noticed a cyan ugly thing
 11210 | D:12     | Killed a cyan ugly thing
 11333 | D:12     | Reached XP level 12. HP: 112/112 MP: 11/11
 11446 | D:12     | You fall into a shaft and drop 3 floors!
 11446 | D:15     | Entered Level 15 of the Dungeon
 11446 | D:15     | Found a glowing silver altar of Zin.
 11536 | D:14     | Reached skill level 17 in Axes
 11562 | D:13     | Noticed Azrael
 11569 | D:13     | Killed Azrael
 11602 | D:13     | Noticed Jorgrun
 11632 | D:13     | Killed Jorgrun
 11966 | D:12     | Found Xohut's Distillery.
 11995 | D:12     | Bought a potion of heal wounds for 80 gold pieces
 11995 | D:12     | Bought a potion of curing for 48 gold pieces
 12125 | D:12     | Received a gift from Trog
 12574 | D:13     | Noticed Nessos
 12587 | D:13     | Killed Nessos
 12587 | D:13     | Reached skill level 18 in Axes
 12587 | D:13     | Reached XP level 13. HP: 104/122 MP: 12/12
 12793 | D:13     | Found a gate to the Vaults.
 13299 | Orc:1    | Entered Level 1 of the Orcish Mines
 13300 | Orc:1    | Found a runed translucent door.
 13388 | Orc:1    | Noticed 4FPSwarrior's ghost (journeyman OpTm)
 13672 | Orc:1    | Received a gift from Trog
 13853 | Orc:2    | Entered Level 2 of the Orcish Mines
 13853 | Orc:2    | Found a staircase to the Elven Halls.
 13871 | Orc:2    | Noticed Saint Roka
 13887 | Orc:2    | Noticed Sonja
 13903 | Orc:2    | Killed Sonja
 13903 | Orc:2    | Gained mutation: Your magical capacity is low. (-10% MP) [a
                  | neqoxec]
 13906 | Orc:2    | Killed Saint Roka
 13906 | Orc:2    | Reached skill level 19 in Axes
 13937 | Orc:2    | Noticed a stone giant
 13941 | Orc:2    | Noticed an ettin
 13954 | Orc:2    | Killed a stone giant
 13958 | Orc:2    | Killed an ettin
 14172 | Orc:2    | Reached XP level 14. HP: 94/133 MP: 11/11
 14207 | Orc:2    | Found a dark tunnel.
 14213 | Volcano  | Entered a volcano
 14778 | Orc:2    | Received a gift from Trog
 14890 | Orc:2    | Found Kid Qopi's Food Boutique.
 14894 | Orc:2    | Found Awapn's Jewellery Shoppe.
 14900 | Orc:2    | Found Wezoagim's Gadget Shoppe.
 14902 | Orc:2    | Found Ysmupiot's Jewellery Boutique.
 14992 | D:9      | Bought the -2 hat of the Alchemist {rElec rPois rF+ rC+ rN+
                  | MR+ rMut rCorr} for 708 gold pieces
 14992 | D:9      | Found the -2 hat of the Alchemist {rElec rPois rF+ rC+ rN+
                  | MR+ rMut rCorr}
 15494 | Lair:1   | Entered Level 1 of the Lair of Beasts
 15609 | Lair:1   | Reached skill level 20 in Axes
 16646 | Lair:2   | Found a staircase to the Snake Pit.
 17218 | Lair:3   | Reached skill level 15 in Fighting
 17316 | Lair:3   | Found an ancient bone altar of Kikubaaqudgha.
 17768 | Lair:3   | Found a staircase to the Shoals.
 18219 | Lair:4   | Reached skill level 15 in Armour
 18609 | Lair:4   | Received a gift from Trog
 19093 | Lair:5   | Found a staircase to the Slime Pits.
 19094 | Lair:5   | Found a viscous altar of Jiyva.
 20018 | Lair:6   | Entered Level 6 of the Lair of Beasts
 20082 | Lair:6   | Found a frozen archway.
 20089 | Lair:6   | Reached skill level 21 in Axes
 20113 | IceCv    | Entered an ice cave
 20315 | IceCv    | Reached XP level 15. HP: 140/141 MP: 12/12
 20586 | IceCv    | Noticed a frost giant
 20623 | IceCv    | Killed a frost giant
 21969 | Lair:6   | Reached ****** piety under Trog
 22040 | Lair:6   | Received a gift from Trog
 22121 | Lair:6   | Reached skill level 22 in Axes
 22161 | Lair:6   | Received a gift from Trog
 22711 | Snake:1  | Entered Level 1 of the Snake Pit
 22735 | Snake:1  | Found Nanua's Food Shop.
 22947 | Snake:1  | Noticed Aizul
 22964 | Snake:1  | Killed Aizul
 23322 | Snake:1  | Reached XP level 16. HP: 152/152 MP: 13/13
 23563 | Snake:2  | Received a gift from Trog
 24563 | Snake:3  | Reached skill level 23 in Axes
 25633 | D:14     | Reached XP level 17. HP: 154/163 MP: 14/14
 25786 | D:14     | Found a blossoming altar of Fedhas.
 26146 | D:15     | Noticed Louise
 26155 | D:15     | Killed Louise
 26182 | D:15     | Found a portal to a secret trove of treasure.
 26685 | D:15     | Reached skill level 24 in Axes
 27033 | D:15     | Found a staircase to the Depths.
 27045 | D:15     | Received a gift from Trog
 27142 | D:15     | Reached XP level 18. HP: 172/172 MP: 15/15
 27406 | D:15     | Found a glowing silver altar of Zin.
 27797 | Shoals:1 | Entered Level 1 of the Shoals
 27797 | Shoals:1 | Found Vafahi's Assorted Antiques.
 29592 | Shoals:3 | Found Utzoraih's Magic Scroll Boutique.
 29645 | Shoals:3 | Bought a scroll of teleportation for 42 gold pieces
 29645 | Shoals:3 | Bought a scroll of fog for 28 gold pieces
 29645 | Shoals:3 | Bought a scroll of teleportation for 42 gold pieces
 29646 | Shoals:3 | Found Tojikoa's Food Shoppe.
 29678 | Shoals:3 | Found Netu's Weapon Emporium.
 29821 | Shoals:3 | Received a gift from Trog
 30028 | Shoals:4 | Entered Level 4 of the Shoals
 30333 | Shoals:4 | Got a barnacled rune of Zot
 30414 | Shoals:4 | Reached skill level 25 in Axes
 30472 | Shoals:4 | Received a gift from Trog
 30844 | Shoals:4 | Noticed Polyphemus
 30859 | Shoals:4 | Killed Polyphemus
 31288 | Snake:4  | Entered Level 4 of the Snake Pit
 31679 | Snake:4  | Received a gift from Trog
 31689 | Snake:4  | Reached XP level 19. HP: 171/182 MP: 16/16
 32355 | Snake:4  | Got a serpentine rune of Zot
 32786 | Depths:1 | Entered Level 1 of the Depths
 32824 | Depths:1 | Reached skill level 26 in Axes
 32874 | Depths:1 | Found a runed translucent gate.
 32874 | Depths:1 | Found a runed translucent gate.
 32874 | Depths:1 | Found a runed translucent gate.
 32874 | Depths:1 | Noticed fritzmikael's ghost (adept SpTm)
 32874 | Depths:1 | Noticed Emok's ghost (veteran BaIE)
 32875 | Depths:1 | Noticed Emok's ghost (veteran BaIE)
 32875 | Depths:1 | Noticed Rivaler's ghost (journeyman GrMo)
 32931 | Depths:1 | Identified the +9 hand axe "Hizur" {pain, +Inv}
 32940 | Depths:1 | Received a gift from Trog
 33149 | Depths:1 | You fall into a shaft and drop 1 floor!
 33588 | Depths:1 | Found a runed translucent door.
 33817 | Depths:1 | Found a roughly hewn altar of Beogh.
 33963 | Depths:1 | Found a one-way gate to the infinite horrors of the Abyss.
 34011 | Depths:1 | Found a gateway to Hell.
 34586 | Depths:2 | Found an opulent altar of Gozag.
 34587 | Depths:2 | Found a shadowy altar of Dithmenos.
 34588 | Depths:2 | Found a stormy altar of Qazlal.
 34588 | Depths:2 | Found an ornate altar of the Wu Jian Council.
 34663 | Depths:2 | Reached XP level 20. HP: 168/195 MP: 17/17
 34669 | Depths:2 | Found a shimmering blue altar of Sif Muna.
 34714 | Depths:2 | Received a gift from Trog
 35246 | Depths:2 | Found a gateway to a ziggurat.
 35400 | Depths:2 | Found the +12 Vampire's Tooth {vamp}
 35405 | Depths:2 | Identified the Almanac of the True Pharaoh
 35845 | Depths:3 | Noticed a caustic shrike
 35858 | Depths:3 | Killed a caustic shrike
 35862 | Depths:3 | Received a gift from Trog
 36191 | Depths:3 | Found a magical portal.
 36850 | Depths:3 | Received a gift from Trog
 36899 | Depths:3 | Found a one-way gate leading to the halls of Pandemonium.
 37450 | Depths:3 | Reached XP level 21. HP: 191/209 MP: 17/17
 38337 | Depths:4 | Received a gift from Trog
 38348 | Depths:4 | Noticed a golden dragon
 38364 | Depths:4 | Killed a golden dragon
 38385 | Depths:4 | Noticed a caustic shrike
 38390 | Depths:4 | Noticed a juggernaut
 38399 | Depths:4 | Killed a caustic shrike
 38415 | Depths:4 | Killed a juggernaut
 38677 | Depths:4 | Found Ziocovof's General Store.
 38915 | Depths:4 | Found Qoqyc Jae's Gadget Shop.
 38915 | Depths:4 | Found Pupaol's Jewellery Emporium.
 38916 | Depths:4 | Found Dotin's Gadget Shop.
 38966 | Depths:4 | Found a runed translucent door.
 38966 | Depths:4 | Noticed Luheiser's ghost (veteran TrMo)
 39183 | Depths:5 | Entered Level 5 of the Depths
 39481 | Depths:5 | Noticed the Enchantress
 39531 | Depths:5 | Killed the Enchantress
 39728 | Depths:5 | Reached XP level 22. HP: 222/222 MP: 18/18
 39780 | Depths:5 | Found a gate to the Realm of Zot.
 39910 | Depths:5 | Received a gift from Trog
 40695 | Depths:2 | Got a smoking hand axe
 40696 | Depths:2 | Identified the cursed +1 hand axe of Hoagh {chop, rElec
                  | Dex+2} (You found it on level 2 of the Depths)
 41086 | Snake:2  | Got a smoking war axe {god gift}
 41087 | Snake:2  | Identified the +9 war axe of Ascent {holy, rF+ rC+ Int+4
                  | Dex+2} (Trog gifted it to you on level 2 of the Snake Pit)
 41229 | Orc:1    | Killed 4FPSwarrior's ghost
 41383 | D:6      | Killed rumpelstilzz's ghost
 41643 | Slime:1  | Entered Level 1 of the Pits of Slime
 41745 | Slime:3  | Received a gift from Trog
 41794 | Slime:4  | Gained mutation: You are weak. (Str -2) [a shining eye]
 41800 | Slime:4  | Gained mutation: Armour fits poorly on your strangely
                  | shaped body. [a shining eye]
 41805 | Slime:4  | Gained mutation: Your spells are a little easier to cast,
                  | but a little less powerful. [a shining eye]
 41810 | Slime:4  | Gained mutation: Your magical capacity is very low. (-20%
                  | MP) [a shining eye]
 41814 | Slime:4  | Gained mutation: You are occasionally teleported next to
                  | monsters. [a shining eye]
 41846 | Slime:5  | Entered Level 5 of the Pits of Slime
 41903 | Slime:5  | Noticed the Royal Jelly
 42278 | Slime:5  | Killed the Royal Jelly
 42709 | Slime:4  | HP: 9/225 [azure jelly (5)]
 42710 | Slime:4  | Slain by a death ooze

Levels and vault maps discovered:
D:1:      eino_arrival_water_cross, layout_basic
D:2:      wad_lake_hut, layout_basic, lemuel_round_altar,
          nicolae_overflow_crystal_walls, first_ration, uniq_jessica,
          uniq_sigmund, uniq_robin
D:3:      corexii_shack_village, layout_loops_ring, overflow_temple_1_default
D:4:      layout_loops_ring, eat_drink_and_be_merry_uskayaw,
          kennysheep_mini_moat, zin_academy, nicolae_ru_sacrificial_ziggurat,
          kennysheep_nub
D:5:      layout_gridville, old_standard_altar, basic_altar,
          minmay_fractal_squares_gapless_5
D:6:      layout_cave_pods, gammafunk_ghost_smash, minmay_puff, uniq_menkaure
D:7:      layout_loops_ring, minmay_temple_entry_waves, grunt_livestock
D:8:      layout_gridville, nicolae_overflow_hidden_temple, serial_shops, shop,
          uniq_gastronok
D:9:      layout_small_grid, grunt_temple_overflow_opulence, marbit_many_paths,
          hiddenorc2_lemuel, serial_shops, nicolae_shop_crystal
D:10:     layout_roguey, chequers_jeans
D:11:     layout_basic, lair_entry_dummy, serial_shops, nicolae_shop_trees,
          uniq_maurice
D:12:     layout_gridville, serial_shops,
          nicolae_shop_competitors_out_of_business, serial_co_window_serial,
          co_window_of_opportunity_a, co_window_corner_a, co_window_paths_a,
          co_window_corner_a, co_window_paths_a, co_window_corner_a,
          co_window_paths_b, co_window_of_opportunity_a, co_window_paths_a,
          co_window_2corner, co_window_of_opportunity_c, co_window_paths_c,
          co_window_broadway_a, co_window_corner_cb, co_window_paths_e,
          co_window_paths_d, glass_columns_b
D:13:     layout_small_grid, grunt_vaults_entry_fortified, uniq_nessos,
          uniq_azrael, uniq_jorgrun
D:14:     layout_cave_pools, fedhas_altar_fruit_tree, moated_statue,
          st_stairs_10, minmay_hedge_maze
D:15:     grunt_enter_depths_magical_seal, layout_loops_corners,
          nicolae_trove_entry_free_sample, zin_angel, basic_altar,
          serial_rivers, chequers_serial_rivers_marsh,
          chequers_serial_rivers_micro_e, chequers_serial_rivers_micro_b,
          chequers_serial_rivers_micro_c, uniq_louise
Lair:1:   layout_cave_pods, serial_bayou_ford_a, beast_lair_carwin_10
Lair:2:   wad_woods_structure_01, layout_gridlike
Lair:3:   layout_hall_layers, minmay_shoals_entry_hut, basic_altar
Lair:4:   layout_concentric_octagons, minivault_26, grunt_megastairs_2,
          minmay_lair_oklob_chamber
Lair:5:   layout_regular_city, slime_altar_1
Lair:6:   hangedman_lair_caniforms_friends, layout_regular_city,
          hangedman_lair_in_review, portal_ice_cave_entry_imps,
          chequers_serial_rivers_room_a, lemuel_fruit_tree
Shoals:1: layout_shoals, serial_shops, shop
Shoals:2: layout_shoals
Shoals:3: layout_shoals, serial_shops, shop, nicolae_shop_behind_doors, shop
Shoals:4: shoals_end_grunt_ice, layout_shoals, uniq_polyphemus
Snake:1:  layout_misc_corridors, serial_shops, shop, st_stairs_14,
          serial_bayou_shore_b, uniq_aizul
Snake:2:  layout_cave_shapes, st_stairs_12, serial_bayou_shore_a
Snake:3:  layout_onion_interference
Snake:4:  snake_pit, layout_misc_corridors
Slime:1:  layout_caves
Slime:2:  layout_caves
Slime:3:  layout_caves
Slime:4:  layout_caves, nicolae_slime_barrier
Slime:5
Orc:1:    layout_caves, ebering_ghost_inner_flame
Orc:2:    st_orc_elflike, layout_diamond_mine, enter_volcano_3, uniq_saint_roka,
          uniq_sonja
Depths:1: minmay_strange_plus, layout_cave_pools, abyss_entry_small_statue_room,
          skrybe_limestone_x, gammafunk_ghost_cemetery, hangedman_coc_ice_floe,
          minmay_door_square, serial_sigils_hangedman_snap,
          kennysheep_pointless_box, minmay_misc_feat_room,
          lightli_church_of_beogh
Depths:2: minmay_the_grid_octo_tiled_squarecenter
          [minmay_the_grid_octo_concentric,
          minmay_the_grid_octo_vomiting_pacman,
          minmay_the_grid_octo_thin_diamonds, minmay_the_grid_octo_shrine,
          minmay_the_grid_square_5x5_megaprize_checkered,
          minmay_the_grid_square_5x5_pentomino_r,
          minmay_the_grid_square_5x5_gyroscope, minmay_the_grid_square_5x5_meh,
          minmay_the_grid_square_5x5_half_checkered], layout_basic,
          enter_ziggurat_a, hell_entry
Depths:3: angbandy_vault, layout_gridlike, infiniplex_enter_wizlab_spiral,
          abyss_entry, minmay_holes, hell_entry, pan_entry,
          kennysheep_generic_room_13, infiniplex_staircase_pillars_2
Depths:4: cheibrodos_salmonella, layout_cave_pools, serial_shops, shop,
          gammafunk_ghost_grave, abyss_entry, lightli_too_deep,
          statue_in_the_mist_lemuel, firewood_loft, infiniplex_staircase_star,
          minmay_shop_grove
Depths:5: grunt_zot_entry_alcove, layout_honeycomb, minmay_fountain_box,
          abyss_entry, hell_entry, uniq_enchantress

Skill      XL: |  1  2  3  4  5  6  7  8  9 10 11 12 13 14 15 16 17 18 19 20 21 22 |
---------------+-------------------------------------------------------------------+-----
Axes           | 4 5 6 8 9 10 12 14 16 18 19 21 22 23 24 25 26 | 26.0
Fighting       | 4 6 8 10 11 13 14 15 16 17 18 19 20 22 24 25 | 25.2
Armour         | 3 6 8 10 11 12 14 15 16 17 18 20 22 24 25 | 25.1
Dodging        | |  2.1

Action                   |  1- 3 |  4- 6 |  7- 9 | 10-12 | 13-15 | 16-18 | 19-21 | 22-24 || total
-------------------------+-------+-------+-------+-------+-------+-------+-------+-------++-------
Melee: Hand axe          |    77 |   176 |   301 |    88 |       |       |       |       ||   642
       Headbutt          |     8 |    35 |    64 |   140 |   245 |   227 |   347 |    98 ||  1164
       War axe           |       |       |       |   231 |       |       |       |       ||   231
       Battleaxe         |       |       |       |   324 |   616 |       |       |       ||   940
       Executioner's axe |       |       |       |       |   577 |  1029 |  1339 |   327 ||  3272
Throw: Boomerang         |     4 |     2 |    15 |     2 |       |       |     9 |     3 ||    35
       Dart              |       |       |       |    14 |       |    23 |       |       ||    37
Invok: Berserk           |       |       |     4 |     6 |     1 |       |       |       ||    11
       Trog's Hand       |       |       |     2 |     4 |     6 |     8 |    17 |     4 ||    41
       Brothers in Arms  |       |       |       |     2 |     8 |     5 |     8 |     5 ||    28
Evoke: Wand              |       |       |       |       |     5 |       |     2 |       ||     7
  Use: Potion            |     2 |     3 |     2 |       |     4 |     3 |     4 |     3 ||    21
       Scroll            |       |     1 |     8 |    10 |    14 |    18 |     7 |     5 ||    63
 Stab: Invisible         |       |     1 |       |       |    12 |       |       |       ||    13
       Distracted        |       |       |       |     1 |     1 |       |     2 |     1 ||     5
  Eat: Chunk             |     1 |     7 |    15 |    29 |    38 |    21 |    15 |     5 ||   131
       Ration            |       |       |       |     1 |     1 |     4 |     6 |     3 ||    15
Armor: Ring mail         |    30 |     7 |       |       |       |       |       |       ||    37
       Animal skin       |     1 |       |       |       |       |       |       |       ||     1
       Scale mail        |       |    32 |   113 |    24 |       |       |       |       ||   169
       Plate armour      |       |       |       |   353 |   831 |   872 |  1108 |   359 ||  3523
Dodge: Dodged            |    55 |    84 |   121 |   202 |   488 |   395 |   484 |   187 ||  2016
Block: Buckler           |     1 |    15 |    19 |    33 |       |       |       |       ||    68
